 Dungeon Crawl Stone Soup version 0.26-a0-651-gb41185065b (webtiles) character file.

Game seed: 12174427342750194571

42481 Klosterheim the Thaumaturge (level 13, -8/68 HPs)
             Began as a Deep Elf Conjurer on Oct 19, 2020.
             Was the Champion of Hepliaklqana.
             Killed from afar by a lindwurm (32 damage)
             ... with a blast of flame
             ... on level 5 of the Lair of Beasts.
             The game lasted 01:44:47 (25587 turns).

Klosterheim the Thaumaturge (Deep Elf Conjurer)    Turns: 25587, Time: 01:44:48

Health: -8/68      AC: 10    Str:  6    XL:     13   Next: 85%
Magic:  18/41      EV: 25    Int: 29    God:    Hepliaklqana [******]
Gold:   351        SH:  8    Dex: 15    Spells: 16/38 levels left

rFire    . . .     SeeInvis .   B - staff of poison
rCold    . . .     Faith    +   H - +3 warlock's mirror {reflect}
rNeg     . . .     Spirit   .   a - +1 robe
rPois    +         Reflect  +   (no helmet)
rElec    .         Harm     .   q - +2 cloak
rCorr    .         Rampage  .   (no gloves)
MR       ++...                  I - +3 pair of boots of Boesaeg {MR+ Str+2 Dex+2 Slay+2}
Stlth    +++.......             t - amulet of faith
HPRegen  0.21/turn              j - ring of magical power
MPRegen  0.27/turn              l - +4 ring of evasion

@: no status effects
A: reduced essence
a: Recall Ancestor, Ancestor Identity, Transference, Idealise, Renounce Religion


You were on level 5 of the Lair of Beasts.
You worshipped Hepliaklqana.
Hepliaklqana was exalted by your worship.
You visited 2 branches of the dungeon, and saw 17 of its levels.
You also visited: Ossuary and Gauntlet.

You collected 1824 gold pieces.
You spent 1473 gold pieces at shops.

Inventory:

Hand Weapons
 d - a +0 demon blade of electrocution
 v - the +7 falchion of Jecvaba {vorpal, rN++ Str+2}
   (You found it on level 1 of the Lair of Beasts)

   It inflicts extra damage upon your enemies.
   It affects your strength (+2).
   It greatly protects you from negative energy.
Armour
 a - a +1 robe (worn)
 q - a +2 cloak (worn)
 r - the +1 kite shield "Furiabaw" {rF+ MP+9}
   (You found it in a Gauntlet)

   It protects you from fire.
   It affects your magic capacity (+9).
 G - the +2 ring mail of Coeturuck {*Corrode rElec SInv}
   (You found it in a Gauntlet)

   It insulates you from electricity.
   It lets you see invisible.
   It may corrode you when you take damage.
 H - the +3 warlock's mirror (worn) {reflect}
   (You bought it in a shop on level 8 of the Dungeon)
 I - the +3 pair of boots of Boesaeg (worn) {MR+ Str+2 Dex+2 Slay+2}
   (You found it in a Gauntlet)

   It affects your strength (+2).
   It affects your dexterity (+2).
   It affects your accuracy and damage with ranged weapons and melee attacks
   (+2).
   It affects your resistance to hostile enchantments.
Magical Staves
 x - an uncursed staff of fire
 B - an uncursed staff of poison (weapon)
Jewellery
 j - a ring of magical power (left hand)
 l - a +4 ring of evasion (right hand)
 t - an amulet of faith (around neck)
Wands
 o - a wand of random effects (8)
 y - a wand of enslavement (8)
 A - a wand of iceblast (6)
 C - a wand of flame (38)
 M - a wand of disintegration (13)
Scrolls
 c - 9 scrolls of remove curse
 g - 12 scrolls of teleportation
 i - 6 scrolls of fear
 k - a scroll of enchant weapon
 w - 5 scrolls of amnesia
 E - 2 scrolls of enchant armour
 K - a scroll of blinking
Potions
 b - 5 potions of mutation
 e - a potion of haste
 f - 2 potions of lignification
 h - 2 potions of flight
 m - a potion of cancellation
 n - 4 potions of brilliance
 p - 11 potions of curing
 s - 4 potions of might
 z - a potion of berserk rage
Miscellaneous
 F - a condenser vane (2/2)


   Skills:
 - Level 7.0 Fighting
 - Level 4.0 Long Blades
 - Level 13.0 Dodging
 - Level 6.0 Stealth
 - Level 4.0 Shields
 - Level 13.0 Spellcasting
 + Level 11.2 Conjurations
 - Level 8.0 Hexes
 * Level 3.0 Summonings
 * Level 6.0 Translocations
 - Level 7.0 Poison Magic
 - Level 7.0 Invocations


You had 16 spell levels left.
You knew the following spells:

 Your Spells              Type           Power        Failure   Level
a - Magic Dart            Conj           ####         1%          1
b - Dazzling Flash        Conj/Hex       ######       1%          3
c - Iskenderun's Mystic   Conj/Tloc      ######..     1%          4
d - Mephitic Cloud        Conj/Pois/Air  ######..     1%          3
e - Olgreb's Toxic Radia  Pois           ######..     1%          4
f - Searing Ray           Conj           ######       1%          2
g - Summon Forest         Summ/Tloc      #####.....   12%         5

Your spell library contained the following spells:

 Spells                   Type           Power        Failure   Level
 Sting                    Tmut/Pois      ####         1%          1
 Poisonous Vapours        Pois/Air       ######       1%          2
 Lesser Beckoning         Tloc           ######....   1%          3
 Spider Form              Tmut/Pois      ######....   1%          3
 Stone Arrow              Conj/Erth      ######       1%          3
 Teleport Other           Tloc           ######..     1%          3
 Fulminant Prism          Conj/Hex       ######....   1%          4
 Beastly Appendage        Tmut           ###...       2%          1
 Sandblast                Erth           ###...       2%          1
 Ignite Poison            Fire/Tmut/Pois #####...     3%          3
 Passwall                 Tmut/Erth      ###.....     4%          2
 Wereblood                Tmut           ###.....     4%          2
 Ice Form                 Ice/Tmut       ###.....     26%         4
 Petrify                  Tmut/Erth      ###.....     26%         4
 Dispersal                Tloc           ######....   34%         6
 Blade Hands              Tmut           ###.......   58%         5
 Lee's Rapid Deconstruct  Erth           ###.......   58%         5
 Malign Gateway           Summ/Tloc      #####.....   98%         7
 Disjunction              Tloc           ######....   100%        8


Dungeon Overview and Level Annotations

Branches:
Dungeon (12/15)            Temple (0/1) D:5            Lair (5/6) D:8
 Shoals (0/4) Lair:4        Snake (0/4) Lair:4        Slime (0/5) Lair:5
Ossuary (visited)         Gauntlet (visited)
    Orc: D:9-12

Altars:
Ashenzari
Cheibriados
Elyvilon
Fedhas
Gozag
Hepliaklqana
Makhleb
Nemelex Xobeh
Okawaru
Qazlal
Ru
Trog
Uskayaw
Vehumet
Xom
Yredelemnul
The Shining One

Shops:
D:4 (   D:5 [   D:8 (!*?(   D:10 *

Portals:
Abyss: Lair:1

Annotations:
D:3 3 runed translucent doors, emiel's ghost, weakling NaDe
Lair:1 2 transporters, exclusion: hydra, Ishrent's ghost, novice DsWn
Lair:2 exclusion: oklob plant


Message History

The lindwurm looks even sicker.
Your toxic aura wanes.
The lindwurm breathes flames at you. The blast of flame hits you!!
* * * LOW HITPOINT WARNING * * *
Casting: Olgreb's Toxic Radiance (dangerous; 1% risk of failure)
Confirm with . or Enter, or press ? or * to list all spells.
Really blast near your ally Henutemipet?
Okay, then.
Unknown command.
You feel better.
The lindwurm completely misses Henutemipet.
Henutemipet blocks the lindwurm's attack.
The lindwurm claws Henutemipet but does no damage.
Henutemipet hits the lindwurm with a +0 flail!
The lindwurm breathes flames at you.
The blast of flame hits Henutemipet!
Henutemipet resists.
The blast of flame hits you!!
You die...

,,,*,,*,##...#.....PPP.÷.........
,*,*,,,,#..###............†...††.
*,*,*,,##........#..P............
*,*,**,#..P....###...............
,*,*,*,##....###..............<..
,*,*,##*##.###...#...............
#*#,#,.#####.k..##.⌠.............
#.#.#.#.#....#R..#...............
...#....##....#.@..#.............
*.†#..##..##..#....#.............
,*#.##..##..##.....#......###...#
*,,#..##..##..#.........### ##.##
,,,#.)†.##........#...P## ###,
*,#.#.##..##....###....# *##
,,#,#.#*.#...##.#*#....# *P.
**,*.#.,#.#.##..#*,....######*#..
,*,#.*.*,##,..,*#*,....*#...##...


You could see the friendly Henutemipet the knight and a lindwurm (poisoned,
catching breath).

Vanquished Creatures
  Snorg (D:10)
  3 hydras
  Fannar (Lair:3)
  2 two-headed ogres
  Sonja (Lair:1)
  2 ugly things (D:11)
  A moth of wrath (Gauntlet)
  4 black mambas
  A rust devil (Gauntlet)
  A centaur skeleton (D:10)
  3 gargoyles (D:11)
  An efreet (Gauntlet)
  2 komodo dragons
  4 cane toads
  2 polar bears
  A meliai (Lair:5)
  2 hippogriffs
  26 blink frogs
  5 wraiths
  29 yaks
  A human (D:7)
  A hog (D:7)
  A fire elemental (Gauntlet)
  5 water moccasins
  6 porcupines
  A hell hound (Gauntlet)
  A black bear (D:9)
  2 orc warriors (D:11)
  4 ogres
  10 wolves
  A centaur (D:9)
  4 crocodiles
  9 bullfrogs
  14 killer bees (Lair:5)
  7 wights
  4 howler monkeys
  A bullfrog zombie (D:10)
  A human zombie (Ossuary)
  An orc priest (D:9)
  2 hounds
  2 bullfrog skeletons
  A jelly (D:8)
  An orc wizard (D:9)
  5 knights
  2 iguanas
  6 worker ants
  A killer bee zombie (D:9)
  A hound zombie (Ossuary)
  A hound skeleton (D:5)
  A mummy (Ossuary)
  A howler monkey skeleton (D:10)
  15 gnolls
  10 adders
  3 shadow imps
  3 white imps
  An ufetubus (D:8)
  4 oozes
  An adder zombie (D:6)
  A dart slug (D:1)
  6 leopard geckos
  27 orcs
  8 bats
  7 giant cockroaches
  9 goblins
  7 hobgoblins
  9 jackals
  8 quokkas
  3 ball pythons
  6 frilled lizards
  14 kobolds
  2 kobold zombies (Ossuary)
  A quokka skeleton (D:6)
  3 rats
  A rat zombie (Ossuary)
  A butterfly (Lair:2)
340 creatures vanquished.

Vanquished Creatures (collateral kills)
  Josephine (D:11)
  A hydra (Lair:1)
  A two-headed ogre (D:10)
  Urug (D:10)
  An unseen horror (D:11)
  Pikel (D:4)
  A manticore (Lair:5)
  Joseph (D:9)
  4 cane toads
  A rime drake (Lair:5)
  A komodo dragon (Lair:2)
  A polar bear (Lair:3)
  4 blink frogs
  A hippogriff (D:11)
  2 wyverns
  Sigmund (D:3)
  A ynoxinul (Gauntlet)
  A wraith (D:10)
  6 yaks
  2 hogs (D:7)
  A basilisk (Lair:3)
  6 water moccasins
  2 orc warriors
  A sky beast (D:9)
  2 ice beasts
  5 wolves
  5 ogres
  A centaur (D:6)
  7 crocodiles
  A lemure (D:4)
  A big kobold (D:10)
  3 elf zombies (Ossuary)
  9 bullfrogs
  A gnoll sergeant (D:5)
  2 killer bees
  4 scorpions
  9 wights
  2 howler monkeys
  A crimson imp (D:4)
  A quasit (D:5)
  3 orc priests
  3 orc wizards
  A hound (D:5)
  2 centaur skeletons
  A bullfrog skeleton (D:5)
  An iguana (D:4)
  A jelly (D:11)
  6 gnoll shamans (D:5)
  2 iron imps (Gauntlet)
  5 worker ants
  A killer bee zombie (D:9)
  A big kobold zombie (Ossuary)
  A hound zombie (D:11)
  3 mummies (Ossuary)
  A worker ant zombie (D:2)
  4 adders
  37 gnolls
  A shadow imp (D:6)
  A white imp (D:6)
  An adder skeleton (D:6)
  4 worms
  A leopard gecko (D:5)
  15 orcs
  2 goblins (D:11)
  10 jackals
  A quokka (D:5)
  A ball python (D:6)
  A hobgoblin zombie (Ossuary)
  2 orc zombies (Ossuary)
  2 rats (D:3)
  A butterfly (Lair:2)
213 creatures vanquished.

Vanquished Creatures (others)
  16 knights
  4 ancestors (D:3)
  24 fungi
  36 plants
80 creatures vanquished.

Grand Total: 633 creatures vanquished

Notes
Turn   | Place    | Note
-------+----------+-------------------------------------------
     0 | D:1      | Klosterheim the Deep Elf Conjurer began the quest for the
                  | Orb.
     0 | D:1      | Reached XP level 1. HP: 10/10 MP: 6/6
   181 | D:1      | Reached XP level 2. HP: 15/15 MP: 4/8
   796 | D:1      | Reached XP level 3. HP: 19/19 MP: 7/10
  1483 | D:2      | Found a hazy altar of Hepliaklqana.
  1546 | D:2      | Became a worshipper of Hepliaklqana the Forgotten
  1575 | D:2      | Found a faded altar of an unknown god.
  1727 | D:2      | Found a sparkling altar of Nemelex Xobeh.
  1896 | D:2      | Reached skill level 5 in Conjurations
  1897 | D:2      | Reached XP level 4. HP: 21/21 MP: 9/12
  2260 | D:3      | Reached * piety under Hepliaklqana
  2478 | D:3      | Found a runed translucent gate.
  2478 | D:3      | Found a runed translucent gate.
  2478 | D:3      | Found a runed translucent gate.
  2480 | D:3      | Found an opulent altar of Gozag.
  2500 | D:3      | Learned a level 3 spell: Dazzling Flash
  2552 | D:3      | Noticed Sigmund
  2583 | D:3      | Killed Sigmund
  2583 | D:3      | Reached skill level 5 in Spellcasting
  2583 | D:3      | Reached XP level 5. HP: 25/25 MP: 14/14
  2654 | D:3      | Noticed emiel's ghost (weakling NaDe)
  2815 | D:3      | Reached XP level 6. HP: 28/28 MP: 15/15
  3319 | D:3      | Found a shimmering altar of Xom.
  3831 | D:4      | Noticed Pikel
  3980 | D:4      | Learned a level 4 spell: Iskenderun's Mystic Blast
  4152 | D:4      | Reached ** piety under Hepliaklqana
  4153 | D:4      | Remembered your ancestor Henutemipet as a knight
  4255 | D:4      | Killed Pikel
  4255 | D:4      | Reached skill level 5 in Dodging
  4255 | D:4      | Reached XP level 7. HP: 32/32 MP: 15/18
  4660 | D:4      | Found a burning altar of Makhleb.
  4744 | D:4      | Found a radiant altar of Vehumet.
  4984 | D:4      | Found Didalles's Antique Weapon Shop.
  5448 | D:5      | Entered Level 5 of the Dungeon
  5473 | D:5      | Found a shimmering altar of Xom.
  5483 | D:5      | Found a stormy altar of Qazlal.
  5682 | D:5      | Reached XP level 8. HP: 29/37 MP: 19/19
  5819 | D:5      | Reached skill level 1 in Long Blades
  5821 | D:5      | Reached skill level 1 in Fighting
  5961 | D:5      | Reached *** piety under Hepliaklqana
  5961 | D:5      | Found a staircase to the Ecumenical Temple.
  5978 | D:5      | Found Kuatri's Armour Shoppe.
  6271 | D:5      | Found a sacrificial altar of Ru.
  6889 | D:5      | Reached skill level 5 in Hexes
  7641 | D:6      | Found a sand-covered staircase.
  7648 | Ossuary  | Entered an ossuary
  7688 | Ossuary  | Reached XP level 9. HP: 18/43 MP: 1/22
  8130 | D:6      | Found a white marble altar of Elyvilon.
  8243 | D:6      | Learned a level 3 spell: Mephitic Cloud
  9117 | D:6      | Reached **** piety under Hepliaklqana
  9339 | D:7      | Reached skill level 5 in Translocations
 10061 | D:7      | Reached XP level 10. HP: 50/50 MP: 24/24
 10142 | D:7      | Reached ***** piety under Hepliaklqana
 10198 | D:7      | Reached skill level 5 in Stealth
 10353 | D:8      | Found Plog's Antique Weapon Emporium.
 10353 | D:8      | Found a staircase to the Lair.
 10823 | D:8      | Found a basalt altar of Yredelemnul.
 10840 | D:8      | Found Unepham's Antique Weapon Emporium.
 10865 | D:8      | Found Botophe Ikhlu's Distillery.
 10867 | D:8      | Noticed a two-headed ogre
 10901 | D:8      | Killed a two-headed ogre
 10901 | D:8      | Reached skill level 1 in Shields
 11037 | D:8      | Bought a potion of haste for 120 gold pieces
 11040 | D:8      | Found Rimnawopp's Assorted Antiques.
 11048 | D:8      | Bought a scroll labeled MYSSIA FIUQ for 33 gold pieces
 11165 | D:8      | Found Vaidef's Magic Scroll Emporium.
 11541 | D:9      | Reached skill level 1 in Invocations
 11627 | D:9      | Noticed Joseph
 11648 | D:9      | Killed Joseph
 11648 | D:9      | Reached skill level 5 in Poison Magic
 11659 | D:9      | Learned a level 4 spell: Olgreb's Toxic Radiance
 11933 | D:9      | Found an iron altar of Okawaru.
 11934 | D:9      | Found a bloodstained altar of Trog.
 12015 | D:9      | Found a hide-covered altar of Uskayaw.
 12029 | D:9      | Found a blossoming altar of Fedhas.
 12573 | D:9      | Reached skill level 5 in Invocations
 12573 | D:9      | Reached XP level 11. HP: 54/54 MP: 10/25
 12907 | D:9      | Found a broken altar of Ashenzari.
 12951 | D:9      | Found a snail-covered altar of Cheibriados.
 13104 | D:10     | Entered Level 10 of the Dungeon
 13277 | D:10     | Noticed Urug
 13298 | D:10     | Killed Urug
 13771 | D:10     | Noticed Snorg
 13969 | D:10     | Found Fats's Hallowed Reliquary.
 13972 | D:10     | Found a glowing golden altar of the Shining One.
 13972 | D:10     | Noticed an angel
 14219 | D:10     | Noticed a two-headed ogre
 14230 | D:10     | Killed a two-headed ogre
 14439 | D:10     | Learned a level 2 spell: Searing Ray
 14670 | D:11     | Killed an unseen horror
 14670 | D:11     | Reached skill level 10 in Spellcasting
 14847 | D:11     | Noticed a two-headed ogre
 14849 | D:11     | Noticed a green ugly thing
 14852 | D:11     | Reached skill level 10 in Dodging
 14858 | D:11     | Killed a two-headed ogre
 14888 | D:11     | Killed a green ugly thing
 15047 | D:11     | Noticed Josephine
 15470 | D:11     | Noticed a cyan ugly thing
 15480 | D:11     | Killed Josephine
 15480 | D:11     | Reached skill level 10 in Conjurations
 15487 | D:11     | Killed a cyan ugly thing
 15674 | D:10     | Killed Snorg
 15674 | D:10     | Reached skill level 5 in Fighting
 15674 | D:10     | Reached XP level 12. HP: 40/61 MP: 22/28
 17250 | Lair:1   | Entered Level 1 of the Lair of Beasts
 17252 | Lair:1   | Noticed a five-headed hydra
 17347 | D:8      | Killed a five-headed hydra
 17538 | Lair:1   | Found a transporter.
 17610 | Lair:1   | Noticed Ishrent's ghost (novice DsWn)
 17619 | Lair:1   | Found a one-way gate to the infinite horrors of the Abyss.
 17629 | Lair:1   | Found a transporter.
 17630 | Lair:1   | Identified the cursed +3 dagger of Dishonesty {distort,
                  | Str+3 Stlth+}
 17632 | Lair:1   | Noticed a seven-headed hydra
 17646 | Lair:1   | Killed a seven-headed hydra
 18302 | Lair:1   | Noticed Sonja
 18318 | Lair:1   | Killed Sonja
 19068 | Lair:1   | Got a scorched falchion
 19070 | Lair:1   | Identified the +7 falchion of Jecvaba {vorpal, rN++ Str+2}
                  | (You found it on level 1 of the Lair of Beasts)
 19690 | Lair:1   | Noticed a satyr
 19748 | Lair:1   | Noticed a catoblepas
 19770 | Lair:2   | Reached ****** piety under Hepliaklqana
 20310 | Lair:2   | Noticed a six-headed hydra
 20342 | Lair:2   | Killed a six-headed hydra
 20731 | Lair:2   | Reached XP level 13. HP: 64/67 MP: 24/31
 21594 | D:8      | Bought the +3 warlock's mirror {reflect} for 1320 gold
                  | pieces
 21594 | D:8      | Found the +3 warlock's mirror {reflect}
 21688 | Lair:1   | Noticed a storm dragon
 21972 | Lair:3   | Got a masterwork ring mail
 21973 | Lair:3   | Identified the cursed +0 ring mail of the Final Nightcaps
                  | {rC+ MR- Int+10 Dex-3} (You found it on level 3 of the Lair
                  | of Beasts)
 22260 | Lair:3   | Noticed Fannar
 22272 | Lair:3   | Killed Fannar
 22805 | Lair:4   | Found a staircase to the Snake Pit.
 23483 | Lair:4   | Found a staircase to the Shoals.
 23917 | Lair:5   | Found a gate leading to a gauntlet.
 23922 | Gauntlet | Entered a Gauntlet
 23922 | Gauntlet | Found a transporter.
 23922 | Gauntlet | Found a transporter.
 23922 | Gauntlet | Found a transporter.
 23948 | Gauntlet | Found a transporter.
 23958 | Gauntlet | Found a transporter.
 23961 | Gauntlet | Found a transporter.
 23971 | Gauntlet | Found a transporter.
 23991 | Gauntlet | Found the +0 mask of the Dragon {MR+ Slay+3 SInv}
 23991 | Gauntlet | Found a transporter.
 24011 | Gauntlet | Found a transporter.
 24014 | Gauntlet | Found a transporter.
 24022 | Gauntlet | Found a transporter.
 24025 | Gauntlet | Found a transporter.
 24403 | Gauntlet | Got a pair of shimmering boots
 24635 | Gauntlet | Identified the +3 battleaxe of Obecymaa {drain, rPois MR+
                  | Stlth+}
 24635 | Gauntlet | Noticed a minotaur
 24665 | Gauntlet | Got a bloodstained ring mail
 24674 | Gauntlet | Identified the Almanac of Translocation
 24678 | Gauntlet | Got a slimy kite shield
 24945 | Lair:5   | Identified the +3 pair of boots of Boesaeg {MR+ Str+2 Dex+2
                  | Slay+2} (You found it in a Gauntlet)
 24956 | Lair:5   | Identified the +1 kite shield "Furiabaw" {rF+ MP+9} (You
                  | found it in a Gauntlet)
 24968 | Lair:5   | Identified the +2 ring mail of Coeturuck {*Corrode rElec
                  | SInv} (You found it in a Gauntlet)
 24983 | Lair:5   | Learned a level 5 spell: Summon Forest
 25045 | Lair:5   | Reached skill level 1 in Summonings
 25587 | Lair:5   | Killed from afar by a lindwurm

Illustrated notes

Levels and vault maps discovered:
D:1:      lightli_arrival_boilingwater, layout_loops_ring, minmay_domino_4
D:2:      wander_river, layout_rooms, lemuel_crystal_altar,
          nemelex_xobeh_ov_fountains_minmay,
          chequers_ecumenical_altar_simple_redux, grunt_decor_cap,
          minmay_misc_feat_plants, minmay_close_crescents
D:3:      layout_loops_corners, ebering_ghost_gozag, hangedman_decor_slide_cut,
          tgw_xom, uniq_sigmund
D:4:      cheibrodos_quashed, layout_basic,
          grunt_temple_overflow_lords_of_destruction, serial_shops,
          nicolae_shop_temple_entry_statues_fountains, minmay_circle_x,
          uniq_pikel
D:5:      lemuel_castle_with_subvaults [lemuel_castle_interior_carwin_1],
          layout_basic, old_standard_altar, grunt_temple_overflow_open,
          minmay_temple_entry_glass, serial_shops, shop,
          minmay_tree_intersection
D:6:      layout_rooms, elyvilon_altar_5, serial_corexii_hall,
          corexii_hall_statues_i, corexii_hall_statues_x,
          corexii_hall_statues_i, chequers_hall_statues_wall_a,
          nicolae_ossuary_entry_ruins, grunt_potential
D:7:      layout_gridville, grunt_livestock, serial_park_tiny_1
D:8:      layout_loops_ring, lair_entry_dummy, basic_altar, serial_shops, shop,
          shop, shop, shop, shop
D:9:      minmay_polygon_palace, layout_basic, grunt_temple_overflow_bloody_war,
          lemuel_crystal_altar, kennysheep_little_box, slow_altar_2,
          basic_altar, uniq_joseph
D:10:     layout_basic, nicolae_good_shop, uniq_urug, uniq_snorg
D:11:     layout_loops_ring, lightli_bailey_entry_fortress, uniq_josephine
D:12:     layout_cave_pools, orc_0_dummy, basic_altar, hangedman_decor_riveting,
          item_on_display_a, uniq_kirke
Lair:1:   layout_gridlike, gammafunk_ghost_abyssal_escape, uniq_sonja
Lair:2:   layout_cave_pods, grunt_megastairs_1, minmay_lair_oklob_chamber,
          lemuel_fruit_fields
Lair:3:   layout_loops_ring, grunt_megastairs_5, uniq_fannar
Lair:4:   layout_cave_pods, shoals_dummy_entry, minmay_snake_entry_six_corridors
Lair:5:   regret_index_wax_grids, layout_cave_pods, slime_altar_2,
          gauntlet_entry_generic, grunt_megastairs_4

Skill      XL: |  1  2  3  4  5  6  7  8  9 10 11 12 13 |
---------------+----------------------------------------+-----
Stealth        | 3 4 5 6 |  6.0
Dodging        | 3 4 5 6 7 8 10 12 13 | 13.0
Spellcasting   | 4 5 6 7 8 10 12 13 | 13.0
Conjurations   | 5 6 7 8 10 11 | 11.2
Hexes          | 2 4 5 7 8 |  8.0
Translocations | 2 4 5 6 |  6.0
Long Blades    | 2 3 4 |  4.0
Fighting       | 2 3 4 5 6 7 |  7.0
Poison Magic   | 5 7 |  7.0
Shields        | 4 |  4.0
Invocations    | 5 6 7 |  7.0
Summonings     | 3 |  3.0

Action                   |  1- 3 |  4- 6 |  7- 9 | 10-12 | 13-15 || total
-------------------------+-------+-------+-------+-------+-------++-------
Melee: Halberd           |       |    16 |     7 |       |       ||    23
       Long sword        |       |       |    52 |    72 |       ||   124
       Falchion          |       |       |       |     9 |     4 ||    13
       Staff             |       |       |       |       |    46 ||    46
 Cast: Magic Dart        |    80 |    48 |   236 |   213 |    18 ||   595
       Dazzling Flash    |       |     8 |    24 |     9 |       ||    41
       Iskenderun's Myst |       |       |    13 |    67 |    16 ||    96
       Olgreb's Toxic Ra |       |       |       |    79 |    69 ||   148
       Mephitic Cloud    |       |       |       |     2 |     1 ||     3
       Searing Ray       |       |       |       |    18 |    20 ||    38
Invok: Ancestor Identity |     1 |       |       |       |       ||     1
       Recall Ancestor   |       |     2 |       |     2 |       ||     4
       Ancestor Life: Kn |       |     1 |       |       |       ||     1
       Transference      |       |       |     1 |     2 |       ||     3
Evoke: Wand              |       |       |       |       |     2 ||     2
  Use: Scroll            |       |     9 |     9 |     9 |    10 ||    37
       Potion            |       |       |     2 |     6 |    12 ||    20
 Stab: Sleeping          |       |     1 |     3 |     3 |       ||     7
       Distracted        |       |       |     2 |     1 |     1 ||     4
       Invisible         |       |       |     2 |       |     2 ||     4
Armor: Robe              |     3 |     2 |    25 |    24 |    17 ||    71
       Skin              |       |       |    98 |       |       ||    98
Dodge: Dodged            |     4 |    17 |   171 |   221 |   133 ||   546
Block: Buckler           |       |       |       |       |    43 ||    43
       Reflection        |       |       |       |       |     3 ||     3
       Rpst.: Long sword |       |       |    47 |    49 |       ||    96
       Falchion          |       |       |       |     3 |     8 ||    11

Table legend: (Time is in decaauts)
 A = Elapsed time spent in this place.
 B = Non-inter-level travel time spent in this place.
 C = Inter-level travel time spent in this place.
 D = Time resting spent in this place.
 E = Time spent auto-exploring this place.
 F = Levels seen in this place.
 G = Mean time per level.
                   A        B        C        D        E       F      G
               +--------+--------+--------+--------+--------+-----+--------+
         Total |  25728 |  24483 |   1245 |   8763 |  10539 |  19 | 1354.1 |
       Dungeon |  17163 |  16102 |   1061 |   5652 |   7135 |  12 | 1430.2 |
          Lair |   7355 |   7171 |    184 |   2636 |   3112 |   5 | 1471.0 |
       Ossuary |    448 |    448 |      0 |    175 |    144 |   1 |  448.0 |
      Gauntlet |    760 |    760 |      0 |    300 |    148 |   1 |  760.0 |
               +--------+--------+--------+--------+--------+-----+--------+

Top non-repeatable levels by time:
  Lair:1: 2523 daAuts
     D:5: 2382 daAuts
    D:10: 2170 daAuts
    D:11: 1911 daAuts
     D:3: 1904 daAuts
     D:9: 1618 daAuts
  Lair:2: 1498 daAuts
     D:4: 1431 daAuts
     D:1: 1269 daAuts
     D:6: 1214 daAuts
  Lair:3: 1194 daAuts
     D:7: 1162 daAuts
  Lair:4: 1156 daAuts
     D:8: 1108 daAuts
  Lair:5: 983 daAuts
